 Dungeon Crawl Stone Soup version 0.18-a0-1211-g828307d (webtiles) character file.

634 M4edhros the Sneak (level 7, -1/43 HPs)
             Began as an Octopode Artificer on Feb 3, 2016.
             Was a Believer of Fedhas.
             Killed from afar by an orc wizard (7 damage)
             ... with a magic dart
             ... on level 4 of the Dungeon.
             The game lasted 00:05:35 (3496 turns).

M4edhros the Sneak (Octopode Artificer)             Turns: 3496, Time: 00:05:35

Health: -1/43      AC:  1    Str: 10    XL:     7   Next: 49%
Magic:  9/9        EV: 14    Int: 17    God:    Fedhas [**....]
Gold:   229        SH:  0    Dex: 12    Spells: 0 memorised, 6 levels left

rFire  . . .     SeeInvis .     m - +2 dagger (venom)
rCold  . . .     Gourm    .     (no shield)
rNeg   . . .     Faith    .     (helmet restricted)
rPois  .         Spirit   .     (no amulet)
rElec  .         Dismiss  .     e - ring of sustain attributes
rCorr  .         Reflect  .     y - ring of flight
SustAt +         Harm     .     (no ring)
MR     .....                    (no ring)
Stlth  +++++.....               (no ring)
                                (no ring)
                                (no ring)
                                (no ring)

@: not resistant to hostile enchantments, quite stealthy
A: almost no armour, amphibious, 8 rings, constrict 8, camouflage 1, gelatinous
body 1
a: Evolution, Sunlight, Renounce Religion, Evoke Flight


You were on level 4 of the Dungeon.
You worshipped Fedhas.
Fedhas was pleased with you.
You were not hungry.

You visited 1 branch of the dungeon, and saw 4 of its levels.

You collected 229 gold pieces.

Inventory:

Hand Weapons
 a - a +0 short sword
 m - a +2 dagger of venom (weapon)
 v - a +0 hunting sling
Missiles
 i - 11 sling bullets
 r - 16 poisoned sling bullets
 t - 8 curare-tipped needles
 w - 122 stones (quivered)
Jewellery
 e - a ring of sustain attributes (left tentacle)
 y - a ring of flight (right tentacle)
Wands
 b - a wand of flame (9/48)
 c - a wand of enslavement (14/24)
 d - a wand of random effects (14/48)
 A - a wand of flame (26/48)
Scrolls
 g - 2 scrolls of enchant weapon {unknown}
 j - 2 scrolls of enchant armour {unknown}
 k - 2 scrolls of blinking {unknown}
 n - a scroll of noise {unknown}
 o - a scroll of amnesia {unknown}
 p - a scroll of random uselessness {unknown}
 s - 4 scrolls of remove curse {unknown}
 z - 2 scrolls of magic mapping {unknown}
Potions
 q - a potion of haste {unknown}
 u - a potion of lignification {unknown}
 x - a potion of mutation {unknown}
 B - a potion of cancellation {unknown}
 D - a potion of poison {unknown}
 F - 2 potions of might {unknown}
Comestibles
 f - 3 bread rations
 h - a beef jerky
 l - 4 fruits
 C - a meat ration


   Skills:
 - Level 1.0 Fighting
 - Level 1.0 Short Blades
 * Level 5.4 Dodging
 * Level 7.1 Stealth
 + Level 2.9 Invocations
 - Level 3.7 Evocations


You had 6 spell levels left.
You didn't know any spells.

Dungeon Overview and Level Annotations

Branches:
Dungeon (4/15)
 Temple: D:4-7

Altars:
Fedhas
Ru
Sif Muna


Innate Abilities, Weirdness & Mutations

You cannot wear most types of armour.
You are amphibious.
You can wear up to eight rings at the same time.
You can use your tentacles to constrict eight enemies at once.
Your skin changes colour to match your surroundings (Stealth).
Your rubbery body absorbs attacks (AC +1).


Message History

The magic dart hits you!
You hit the orc wizard but do no damage.
The orc wizard is poisoned.
Your grab misses the orc wizard. The orc hits you with a hand axe.
The orc barely misses you.
The orc wizard gestures at you while chanting.
The puff of flame hits you!
You miss the orc wizard. You grab the orc wizard.
You constrict the orc wizard, but do no damage.
The orc hits you with a hand axe. The orc hits you but does no damage.
The orc wizard points at you and mumbles some strange words.
The puff of frost hits you!
* * * LOW HITPOINT WARNING * * *
An orc comes into view.
Drink which item? (? for menu, Esc to quit)
Okay, then.
You release your grip on the orc wizard.
The orc wizard points at you and mumbles some strange words.
The magic dart hits you!
You die...
Fedhas appreciates your contribution to the ecosystem.

##. ##...#
##.....# (./....#
# #.....# o# ##
#!...###.###..
..##.....o......
##.#......o......
#.......@o$......
#.#.##.###.#####
##.##)# .#
#####...#f# #
..........#
####...### ##f##
#.# #.#


You could see an orc wizard, 3 orcs and a friendly wandering mushroom.

Vanquished Creatures
  Sigmund (D:2)
  An ice beast (D:4)
  A crimson imp (D:3)
  An orc priest (D:4)
  2 orc wizards (D:4)
  Terence (D:2)
  Jessica (D:2)
  A worker ant (D:4)
  6 adders
  An ooze (D:2)
  2 worms (D:2)
  5 giant geckos
  4 orcs
  3 giant cockroaches
  16 goblins
  12 hobgoblins
  10 jackals (D:2)
  8 kobolds
  2 quokkas (D:3)
  A ball python (D:2)
  4 bats
  2 giant newts
  6 rats
91 creatures vanquished.

Vanquished Creatures (collateral kills)
  Ijyb (D:3)
  Robin (D:2)
  4 gnolls (D:3)
  2 giant geckos (D:3)
  4 goblins (D:2)
  3 hobgoblins (D:2)
  A jackal (D:2)
  A rat (D:3)
17 creatures vanquished.

Vanquished Creatures (others)
  80 toadstools
80 creatures vanquished.

Grand Total: 188 creatures vanquished

Notes
Turn   | Place    | Note
--------------------------------------------------------------
     0 | D:1      | M4edhros the Octopode Artificer began the quest for the Orb.
     0 | D:1      | Reached XP level 1. HP: 13/13 MP: 3/3
   310 | D:1      | Reached XP level 2. HP: 12/18 MP: 4/4
   740 | D:2      | Reached XP level 3. HP: 23/23 MP: 5/5
  1073 | D:2      | Found a blossoming altar of Fedhas.
  1097 | D:2      | Became a worshipper of Fedhas Madash
  1407 | D:2      | Reached XP level 4. HP: 28/28 MP: 6/6
  1522 | D:2      | Noticed Terence
  1524 | D:2      | Noticed Jessica
  1532 | D:2      | Killed Jessica
  1532 | D:2      | Reached skill level 4 in Stealth
  1537 | D:2      | Killed Terence
  1537 | D:2      | Reached skill level 1 in Invocations
  1537 | D:2      | Reached XP level 5. HP: 29/33 MP: 7/7
  1601 | D:2      | Reached * piety under Fedhas
  1806 | D:2      | Noticed Sigmund
  2258 | D:2      | Killed Sigmund
  2258 | D:2      | Reached skill level 5 in Stealth
  2258 | D:2      | Reached XP level 6. HP: 12/38 MP: 5/8
  2485 | D:2      | Noticed Robin
  2494 | D:2      | Killed Robin
  2730 | D:3      | Reached skill level 6 in Stealth
  2877 | D:3      | Noticed Ijyb
  2885 | D:3      | Killed Ijyb
  2901 | D:3      | Reached ** piety under Fedhas
  2996 | D:3      | Found a deep blue altar of Sif Muna.
  3038 | D:3      | Found a sacrificial altar of Ru.
  3245 | D:4      | Reached XP level 7. HP: 43/43 MP: 9/9
  3384 | D:4      | Reached skill level 5 in Dodging
  3489 | D:4      | Reached skill level 7 in Stealth
  3496 | D:4      | Killed from afar by an orc wizard

Vault maps used:
D:1:      dpeg_arrival_tiny_g, minmay_misc_feat_square
D:2:      kennysheep_goblin_castle, fedhas_altar_1, uniq_jessica, uniq_sigmund,
          uniq_terence
D:3:      lemuel_coloured_pillars_altar, nicolae_ru_the_path_less_chosen,
          uniq_iyjb
D:4:      first_bread

Action                   |  1- 3 |  4- 6 |  7- 9 || total
-------------------------+-------+-------+-------++-------
Melee: Short sword       |    33 |       |       ||    33
       Dagger            |    34 |    94 |    21 ||   149
 Fire: Hunting sling     |       |     6 |       ||     6
Invok: Evolution         |       |     2 |       ||     2
Evoke: Wand              |     3 |     5 |       ||     8
  Use: Potion            |       |     1 |       ||     1
 Stab: Sleeping          |    12 |     8 |     2 ||    22
  Eat: Bread ration      |       |     1 |       ||     1
       Beef jerky        |       |     1 |       ||     1
       Meat ration       |       |       |     1 ||     1
